 Dungeon Crawl Stone Soup version 0.28.0-43-g3370ac3207 (webtiles) character file.

Game seed: 16570301308073499954

66 FrostSilk the Firebug (level 3, -1/31 HPs)
             Began as a Draconian Cinder Acolyte on Mar 9, 2022.
             Was a High Priest of Ignis.
             Slain by a scorpion (6 damage)
             ... on level 2 of the Dungeon.
             The game lasted 00:18:02 (3394 turns).

FrostSilk the Firebug (Draconian Cinder Acolyte)    Turns: 3394, Time: 00:18:02

Health: -1/31      AC:  5    Str: 16    XL:     3   Next: 96%
Magic:  6/6        EV: 11    Int: 16    God:    Ignis [*****.]
Gold:   44         SH:  0    Dex:  6    Spells: 4/6 levels left

rFire   + . .      SeeInvis .   a - +0 spear (flame)
rCold   . . .      Faith    .   (no shield)
rNeg    . . .      Spirit   .   (armour unavailable)
rPois   .          Reflect  .   (helmet restricted)
rElec   .          Harm     .   (no cloak)
rCorr   .          Rampage  .   (no gloves)
Will    .....                   (no boots)
Stlth   +.........              (no amulet)
HPRegen 0.10/turn               (no ring)
MPRegen 0.10/turn               (no ring)

@: no status effects
A: AC +5, unfitting armour, cold-blooded
a: Renounce Religion, Fiery Armour, Foxfire Swarm, Rising Flame


You were on level 2 of the Dungeon.
You worshipped Ignis.
Ignis was extremely pleased with you.
You visited 1 branch of the dungeon, and saw 3 of its levels.

You collected 83 gold pieces.
You spent 39 gold pieces at shops.

Inventory:

Hand Weapons
 a - a +0 spear of flaming (weapon)
Missiles
 b - 18 bolts
 d - 40 arrows
 e - 3 poisoned darts (quivered)
Armour
 c - a +0 ring mail
 g - a +0 buckler
Scrolls
 f - 3 scrolls of identify
Potions
 h - a potion of curing


   Skills:
 - Level 3.2 Fighting
 + Level 3.7 Polearms
 + Level 2.1 Spellcasting
 + Level 3.7 Fire Magic


You had 4 spell levels left.
You knew the following spells:

 Your Spells              Type           Power      Damage    Failure   Level
a - Scorch                Fire           26%        2d6       7%          2

Your spell library contained the following spells:

 Spells                   Type           Power      Damage    Failure   Level
 Confusing Touch          Hex            1%         N/A       52%         3
 Yara's Violent Unravell  Hex/Tmut       0%         3d3       99%         5
 Enfeeble                 Hex            0%         N/A       100%        7


Dungeon Overview and Level Annotations

Branches:
Dungeon (3/15)

Altars:

Shops:
D:2 !


Innate Abilities, Weirdness & Mutations

Your plain brown scales are hard. (AC +5)
You cannot fit into any form of body armour.
You are cold-blooded and may be slowed by cold attacks.


Message History

You feel very sick. The orc barely misses you. The scorpion stings you.
You feel sick. The orc hits you with a +0 falchion.
You feel less invigorated.
You feel less confused.
You feel sick.
You feel sick.
Casting: Scorch (safe; 7% risk of failure)
Confirm with . or Enter, or press ? or * to list all spells.
Flames lash the scorpion.
The scorpion is lightly wounded.
The scorpion's fire resistance burns away.
You feel sick.
The scorpion stings you but does no damage.
Found a stone staircase leading up.
You feel sick.
The scorpion stings you but does no damage.
You feel sick.
You feel sick.
The scorpion is no longer more vulnerable to fire.
You feel sick.
You are no longer poisoned.
The scorpion closely misses you.
Found a scroll labelled BIEXTI BIRICO.
There is a stone staircase leading up here.
The scorpion stings you but does no damage. x2
You climb upwards.
There is a stone staircase leading down here.
The scorpion barely misses you.
There is an open door here.
Unknown command.
There's a creature in the doorway!
The scorpion stings you.
* * * LOW HITPOINT WARNING * * *
The scorpion completely misses you.
The scorpion stings you but does no damage. x2
Things that are here:
3 stones; a +0 short sword The scorpion completely misses you.
The scorpion stings you.
You die...

#############
#...........#
#...........#
#...........#
#...........#
###...........#
..............######
..............'.@s.#
..............####.#
..............# #.#
..............# #.#
..............# #.#
...############ #.#
...# #.# ...# #.#
...########### #.#


You could see a scorpion.

Vanquished Creatures
  An adder (D:3)
  An adder skeleton (D:2)
  A worm (D:2)
  3 ball pythons
  9 endoplasms
  3 giant cockroaches
  4 goblins
  3 hobgoblins
  3 jackals (D:1)
  4 quokkas
  4 bats
  A frilled lizard (D:2)
  2 giant cockroach zombies (D:2)
  4 kobolds
  A quokka skeleton (D:2)
  A quokka zombie (D:2)
  4 rats (D:1)
49 creatures vanquished.

Vanquished Creatures (others)
  A withered plant (D:2)
1 creature vanquished.

Grand Total: 50 creatures vanquished

Notes
Turn   | Place    | Note
-------+----------+-------------------------------------------
     0 | D:1      | FrostSilk the Draconian Cinder Acolyte began the quest for
                  | the Orb.
     0 | D:1      | Reached XP level 1. HP: 19/19 MP: 2/2
   676 | D:1      | Reached XP level 2. HP: 23/26 MP: 4/4
   679 | D:1      | Learned a level 2 spell: Scorch
  1886 | D:2      | Reached XP level 3. HP: 31/31 MP: 2/5
  2609 | D:2      | Found a faded altar of an unknown god.
  2779 | D:2      | Found Opetetit's Distillery.
  2796 | D:2      | Bought a potion of curing for 39 gold pieces
  3346 | D:3      | Noticed a scorpion
  3394 | D:2      | Slain by a scorpion

Illustrated notes

Levels and vault maps discovered:
D:1:      dpeg_arrival_long_road, layout_basic, grunt_decor_mini_mirrors,
          amcnicky_mini_pool_small, corexii_item_surrounded_by_moat,
          minmay_misc_feat_five
D:2:      layout_basic, serial_shops, nicolae_lakefront_shop,
          hellmonk_ecumenical_altar_heavens_door, serial_undead,
          serial_undead_b, serial_undead_c, serial_undead_b, serial_undead_a
D:3:      layout_basic

Skill      XL: |  1  2  3 |
---------------+----------+-----
Spellcasting   | 2 |  2.1
Fighting       | |  3.2
Polearms       | |  3.7
Fire Magic     | |  3.7

Action                   || total
-------------------------++-------
Melee: Spear             ||   146
       Tailslap          ||    10
       Punch             ||     4
 Cast: Scorch            ||    32
  Use: Scroll            ||     3
       Potion            ||     2
Armor: Skin              ||    70
Dodge: Dodged            ||   100
